[Event "*** Titled Tuesday Blitz"]
[Site "Chess.com"]
[Date "2020.02.04"]
[Round "4"]
[White "hongnhung1234"]
[Black "Kira170"]
[Result "0-1"]
[WhiteElo "2280"]
[BlackElo "2505"]
[TimeControl "180+2"]
[EndTime "9:53:30 PST"]
[Termination "Kira170 won by checkmate"]

1. d4 Nf6 2. c4 e6 3. Nf3 d5 4.
g3 g6 5. Bg2 Bg7 6. O-O O-O 7.
Qc2 b6 8. cxd5 exd5 9. Nc3 Bb7 10. Bf4 Na6 11. Rfd1 c6 12. Rac1 Nc7 13. e4 dxe4 14.
Nxe4 Nxe4 15. Qxe4 Nd5 16. Be5 Re8 17. Qd3 f6 18. Bf4 Nxf4 19. gxf4 Qd6 20. Qd2 Rad8 21. Re1 Bh6 22. Qc3 Bxf4 23. Rxe8+ Rxe8 24. Rd1 c5 25. Qc2 Rd8 26. Qc4+ Kg7 27. h3 Bxf3 28. Bxf3 cxd4 29. Be4 Be5 30. a3 f5 31. Bd3 Rd7 32. Qb4 Qf6 33.
Re1 Qg5+ 34. Kf1 Qf4 35. Qb5 Re7 36. Qd5 Qh2 37. Qg2 Qxg2+ 38. Kxg2 Kf6 39. Kf3 Rc7 40. Kg2 Bf4 41. h4 h6 42. Re8 Bc1 43. Re2 Rc5 44.
Kg3 a5 45. a4 Rc7 46. f4 Be3 47. Rc2 Rxc2 48. Bxc2 Ke6 49. Bd3 Kd5 50. Kf3 Kc5 51. Bb5 Kb4 52. Ke2 Bxf4 53. Kd1 Kb3 54. Be8 g5 55. hxg5 hxg5 56. Bd7 g4 57. Bxf5 g3 58. Be4 Kxb2 59. Ke1 Kc3 60. Bf3 d3 61. Bd1 Kd4 62.
Kf1 Ke3 63. Bg4 b5 64. Bd1 b4 65. Kg2 Kd2 66. Bh5 b3 67. Kf3 b2 68. Kxf4 b1=Q 69.
Kxg3 Qb4 70. Bg4 Qxa4 71. Kh4 Qb4 72. Kh5 a4 73. Kh6 a3 74. Kh7 a2 75. Bf5 a1=Q 76.
Bg6 Qf6 77. Kh6 Qbh4# 0-1

[Event "*** Titled Tuesday Blitz"]
[Site "Chess.com"]
[Date "2020.02.04"]
[Round "4"]
[White "Atanejhad"]
[Black "gmcorrales"]
[Result "0-1"]
[WhiteElo "2598"]
[BlackElo "2826"]
[TimeControl "180+2"]
[EndTime "9:53:42 PST"]
[Termination "gmcorrales won by resignation"]

1. e4 c5 2. Nf3 d6 3. d4 cxd4 4. Nxd4 Nf6 5. Nc3 a6 6. Be3 e5 7. Nb3 Be7 8. f3 O-O 9. Qd2 Be6 10. O-O-O Nbd7 11. g4 b5 12. g5 Nh5 13. Rg1 Nb6 14.
Nd5 Bxd5 15. exd5 Rc8 16. Na5 Nxd5 17. Qxd5 Qxa5 18. g6 hxg6 19. Rxg6 Qa4 20. Rg2 Nf4 21. Bxf4 Qxf4+ 22. Kb1 Rc5 23. Qb7 Bf6 24. Rg4 Qe3 25.
Bd3 d5 26. Qxa6 Qxf3 27. Rdg1 e4 28. Bxb5 g6 29. a4 Bg7 30. h4 Qf2 31. R4g2 Qd4 32. c3 Rxc3 33. bxc3 Qxc3 34. h5 Rc8 35. Qxc8+ Qxc8 36. hxg6 f5 37. Rc1 Qf8 38. Rgc2 Qb4+ 39. Ka2 Be5 40.
Rb1 Qd4 41. Bc6 Kg7 42. a5 Qd3 43. Ba4 f4 44. Rb7+ Kxg6 45. a6 Bd4 46. a7 Bxa7 47.
Rxa7 f3 48. Rac7 Qd4 49. R7c6+ Kg5 50. Bb3 f2 51. Rc1 Qd2+ 52. R6c2 Qa5+ 53. Kb2 e3 54.
Bxd5 Qxd5 55. Rc5 Qxc5 56. Rxc5+ Kg4 57. Rc1 e2 58. Rc4+ Kg3 59. Rc3+ Kg2 0-1

[Event "*** Titled Tuesday Blitz"]
[Site "Chess.com"]
[Date "2020.02.04"]
[Round "4"]
[White "Bulldog167"]
[Black "heyiampotato"]
[Result "1-0"]
[WhiteElo "2707"]
[BlackElo "2471"]
[TimeControl "180+2"]
[EndTime "9:53:43 PST"]
[Termination "Bulldog167 won by resignation"]

1. e4 c5 2. Nf3 d6 3. Bc4 Nc6 4. O-O Nf6 5. d3 g6 6. c3 Bg7 7.
h3 O-O 8. Re1 Rb8 9. a4 a6 10.
Nbd2 b5 11. axb5 axb5 12. Bb3 Nd7 13. Nf1 Bb7 14. Bf4 Nde5 15. Nxe5 Nxe5 16. Ne3 Ra8 17. Qe2 Nd7 18. Bd5 Qc7 19. Bxb7 Qxb7 20. Nd5 Nb6 21. Nxb6 Qxb6 22. Rxa8 Rxa8 23. e5 dxe5 24. Bxe5 e6 25. Bxg7 Kxg7 26. h4 h5 27. Qe5+ Kg8 28. g4 Rd8 29. gxh5 Rd5 30. Qf4 Rxh5 31. Ra1 Qb7 32. Qd6 Kg7 33. Qg3 Qd5 34. Re1 Qf5 35. Re4 Qd5 36. b4 cxb4 37. Rxb4 Rf5 38. Re4 Qc5 39.
d4 Qd5 40. Qe3 Rh5 41. Re5 Rxe5 42. dxe5 Qc4 43. Qg3 Qe4 44. h5 Qf5 45. hxg6 Qxg6 46. Kg2 Qxg3+ 47. Kxg3 Kg6 48. Kg4 Kh6 49. f3 Kg6 50. f4 Kh6 51. f5 Kh7 52. Kg5 Kg7 53. Kg4 Kh6 54. fxe6 fxe6 55. Kh4 Kg6 56. Kg4 Kf7 57. Kh5 Kg7 58. Kg5 Kf7 59. Kh6 Ke8 60. Kg6 Ke7 61. Kg7 Kd7 62. Kf6 1-0

[Event "*** Titled Tuesday Blitz"]
[Site "Chess.com"]
[Date "2020.02.04"]
[Round "4"]
[White "MaxLeto"]
[Black "HouseOfDurin"]
[Result "1/2-1/2"]
[WhiteElo "2340"]
[BlackElo "2073"]
[TimeControl "180+2"]
[EndTime "9:53:45 PST"]
[Termination "Game drawn - insufficient material"]

1. g4 c5 2. g5 Nc6 3. h4 d6 4. e4 e5 5. Nc3 Be6 6. d3 h6 7. f4 hxg5 8. f5 Bd7 9. Bxg5 Be7 10. Nf3 Nd4 11. Rg1 Nxf3+ 12. Qxf3 Bxg5 13. hxg5 f6 14. gxf6 Qxf6 15. Nd5 Qh4+ 16. Qg3 Kf7 17. O-O-O Qxg3 18. Rxg3 Nf6 19. Ne3 Rh4 20. Be2 Rah8 21. Rdg1 R8h7 22. c3 Bc6 23. Bd1 Rh3 24. Bb3+ Kf8 25. Nc4 Rxg3 26. Rxg3 Rh1+ 27. Kd2 Rh2+ 28. Ke3 Ne8 29. Nd2 b5 30. Be6 Nf6 31. a3 Rh4 32. b4 cxb4 33. axb4 Ng4+ 34.
Kf3 Nf6 35. Kg2 d5 36. exd5 Bxd5+ 37. Bxd5 Nxd5 38. Ne4 Rf4 39. Rf3 Ke7 40. Kf2 Rxf3+ 41. Kxf3 Nf6 42. Nc5 Kd6 43. c4 bxc4 44. dxc4 Kc6 45.
Ne6 Ne8 46. Ke4 Nd6+ 47. Kxe5 Nxc4+ 48. Kd4 Nd6 49. Nxg7 Kb5 50. Kc3 Ne4+ 51. Kb3 Nf6 52. Ne6 a5 53. Nd4+ Ka6 54. b5+ Kb6 55. Kc4 Ne8 56.
Kd5 a4 57. Kc4 a3 58. Kb3 Nd6 59. Kxa3 Nxf5 60. Nxf5 Kxb5 1/2-1/2

[Event "*** Titled Tuesday Blitz"]
[Site "Chess.com"]
[Date "2020.02.04"]
[Round "4"]
[White "inegrepus"]
[Black "LLRChess"]
[Result "0-1"]
[WhiteElo "2265"]
[BlackElo "2497"]
[TimeControl "180+2"]
[EndTime "9:53:50 PST"]
[Termination "LLRChess won on time"]

1. d4 f5 2. h3 d5 3. c4 e6 4.
Nc3 Nf6 5. Bg5 c6 6. e3 Bd6 7.
Bd3 h6 8. Bh4 g5 9. Bg3 Bxg3 10.
fxg3 Qd6 11. Nge2 Nbd7 12. O-O b6 13. cxd5 cxd5 14. Nb5 Qb8 15. Rc1 Bb7 16. Nc7+ Ke7 17. Qc2 Rc8 18. Qc3 Kf7 19. Bb5 Ne4 20. Qc2 Ndf6 21. g4 a6 22. Bd3 Ra7 23. gxf5 exf5 24.
Rxf5 Ba8 25. Bxe4 Raxc7 26. Qb3 Rxc1+ 27. Nxc1 Rxc1+ 28. Kf2 Qd6 29. Bd3 Kg7 30. Qa4 b5 31. Qa5 Qh2 32. Qd8 Qg1+ 33. Ke2 Qd1+ 34. Kf2 Qd2+ 35.
Kg3 Qxe3+ 36. Rf3 Qe6 37. Bf5 Qe8 38. Qd6 Rc6 39. Qb4 Qb8+ 40. Kf2 Qd6 41. Qd2 Rc7 42. Bd3 Re7 43. h4 Ne4+ 44. Bxe4 dxe4 45. Re3 Qf4+ 46. Kg1 Bd5 47. b3 Rf7 48. Qc3 Qf1+ 49. Kh2 Rf2 50. Rg3 Rf7 51. hxg5 Qf4 52. gxh6+ Kh7 53. Qc8 Rf8 54. Qd7+ Bf7 55. Qe7 Rg8 56. d5 Qxg3+ 0-1

[Event "*** Titled Tuesday Blitz"]
[Site "Chess.com"]
[Date "2020.02.04"]
[Round "4"]
[White "Misha_Bilous"]
[Black "WelshTiger"]
[Result "0-1"]
[WhiteElo "2478"]
[BlackElo "2291"]
[TimeControl "180+2"]
[EndTime "9:53:59 PST"]
[Termination "WelshTiger won by resignation"]

1. d4 Nf6 2. c4 c5 3. d5 e6 4.
Nc3 exd5 5. cxd5 d6 6. Nf3 g6 7.
g3 Bg7 8. Bg2 O-O 9. O-O Re8 10.
Nd2 a6 11. a4 Nbd7 12. h3 Rb8 13. Nc4 Nb6 14. Na3 Bd7 15. a5 Na8 16. Nc4 Bb5 17.
Qb3 Bxc4 18. Qxc4 Nc7 19. e4 Qd7 20. b4 Nb5 21. Bb2 Rec8 22. Nxb5 axb5 23. Qb3 c4 24.
Qe3 c3 25. Ba3 Rc4 26. Rac1 Re8 27. Qd3 Nxe4 28. Rfe1 Nd2 29. Re3 Rxe3 30. Qxe3 Bd4 31. Qe2 Qf5 32. Re1 Kg7 33. Bc1 Rxb4 34. Bxd2 cxd2 35.
Qxd2 Bc5 36. Qc3+ Qf6 37. Qxf6+ Kxf6 38. Bf1 Rb2 39. Re2 Rb1 40. Kg2 b4 41. Re4 Ra1 42.
Rf4+ Kg7 43. Bc4 Rxa5 44. Rf3 b5 45. Bb3 Ra1 46. Rd3 Rc1 47. h4 h5 48. Kf3 Rc3 49. Ke2 Kf6 50. Rf3+ Rxf3 51. Kxf3 Ke5 52. Ke2 Kd4 53.
Kd2 Ke4 54. Ke2 f5 55. f3+ Kd4 56. Kd2 Ba7 57. Ba2 Bb6 58. Bb3 Bd8 59. Ba2 f4 60. gxf4 Bxh4 61. Bb3 Bf6 62. Bd1 h4 63. f5 gxf5 64.
f4 Ke4 65. Kc2 h3 66. Kb3 h2 67. Bc2+ Ke3 68. Kxb4 h1=Q 69. Bb3 Qb1 70. Ka3 Qb2+ 71. Kb4 Bc3+ 72. Kxb5 Qxb3+ 73. Kc6 Kd4 74. Kxd6 Qxd5+ 75. Kc7 Qe6 76. Kb7 Kc5 77. Ka7 Qd7+ 78. Ka8 Kb6 0-1

[Event "*** Titled Tuesday Blitz"]
[Site "Chess.com"]
[Date "2020.02.04"]
[Round "4"]
[White "wild_cat99"]
[Black "armago"]
[Result "1-0"]
[WhiteElo "2453"]
[BlackElo "2195"]
[TimeControl "180+2"]
[EndTime "9:54:03 PST"]
[Termination "wild_cat99 won on time"]

1. e4 c5 2. Nf3 Nc6 3. d4 cxd4 4. Nxd4 Nf6 5. Nc3 e5 6. Ndb5 d6 7. Bg5 a6 8. Na3 b5 9. Nd5 Be7 10. Bxf6 Bxf6 11. c3 Bg5 12. g3 Ne7 13. Bg2 O-O 14.
Nxe7+ Qxe7 15. O-O Bb7 16. Nc2 Qe6 17. f4 exf4 18.
gxf4 Bd8 19. Nd4 Bb6 20. Kh1 Qf6 21. Nf5 d5 22. Ng3 dxe4 23. Nxe4 Qc6 24. Qf3 Rad8 25. Nf6+ Qxf6 26. Qxb7 Rd2 27. b3 h5 28. a4 Re8 29.
Rae1 Rxe1 30. Rxe1 bxa4 31. bxa4 Bf2 32. Re8+ Kh7 33. Be4+ g6 34. Bd5 Qxf4 35. Qxf7+ Qxf7 36. Bxf7 Bc5 37. Re6 Bd6 38. Bxg6+ Kg7 39. Bxh5 Rxh2+ 40. Kg1 Rd2 41. Rg6+ Kf8 42. Kf1 Ke7 43. Ke1 Rh2 44. Be2 Be5 45. Rc6 a5 46. Rc5 Kd6 47.
Rc4 Rh3 48. Kd2 Kd5 49. Rc8 Bf4+ 50. Kc2 Rh2 51. Kd3 Rh3+ 52. Kc2 Be5 53. Kb3 Re3 54. Bc4+ Kd6 55. Bb5 Re1 56. Rc6+ Kd5 57. c4+ Kd4 58. Ra6 Re3+ 59. Kc2 Re2+ 60. Kd1 Ra2 61. Rxa5 Bf4 62. Ra8 Be3 63. a5 Kd3 64. c5+ Kc3 65. c6 Rd2+ 66.
Ke1 Bf4 67. Be2 Ra2 68. a6 Be3 69. c7 Ra1+ 70. Bd1 Bd2+ 71. Ke2 Ra2 72. c8=Q+ Kd4 73.
Qd7+ Ke5 74. Qxd2 1-0

[Event "*** Titled Tuesday Blitz"]
[Site "Chess.com"]
[Date "2020.02.04"]
[Round "4"]
[White "messiboca"]
[Black "Anton_Demchenko"]
[Result "0-1"]
[WhiteElo "2640"]
[BlackElo "2955"]
[TimeControl "180+2"]
[EndTime "9:54:05 PST"]
[Termination "Anton_Demchenko won by resignation"]

1. c4 e5 2. Nc3 Nc6 3. Nf3 g6 4. e3 Bg7 5. d4 d6 6. Be2 Nge7 7. d5 Nb8 8. e4 a5 9. h4 h6 10. h5 g5 11. Be3 Na6 12. Nd2 f5 13.
exf5 Nxf5 14. Nde4 O-O 15. Qd2 b6 16. O-O-O Nc5 17. Kb1 Nd4 18. Bd3 Nxd3 19. Qxd3 Bf5 20. f3 Qd7 21. Nb5 Nxb5 22. cxb5 g4 23. Rc1 Rf7 24. a4 Raf8 25. Ka2 Bh7 26. Rh4 gxf3 27. gxf3 Rxf3 28. Rg1 Kh8 29. Qe2 R3f7 30. Qg2 Rf4 31. Bxf4 exf4 32. Rg4 Be5 33. Qf3 Qf7 34. Nf2 Bd4 35.
R1g2 Bf5 36. Rg6 Bxg6 37. Rxg6 Bg7 38. Ng4 Qe7 39. Nxh6 Qe5 40. Qb3 Qxh5 41. Qc2 Bxh6 42. Qc3+ Kh7 43. Rg1 Qxd5+ 44. Ka1 Qf5 45. Qxc7+ Qf7 46.
Qxd6 f3 47. Rh1 Qf6 48. Qd3+ Kh8 49. Qe3 Kg7 50. Rg1+ Kh7 51. Qe4+ Kh8 52. Rh1 f2 53. Rf1 Bg7 54. Rh1+ Bh6 55. Rf1 Qf5 56. Qh4 Kh7 57.
Qd4 Bg7 58. Qh4+ Kg8 59. Qc4+ Qf7 60. Qc2 Qf4 61. Kb1 Rf7 62. Qb3 Qf5+ 63. Ka2 Qf3 64. Qc2 Qd5+ 65. Kb1 Qd4 66. Qc3 Qxc3 0-1

[Event "*** Titled Tuesday Blitz"]
[Site "Chess.com"]
[Date "2020.02.04"]
[Round "4"]
[White "NiranjanNavalgund"]
[Black "TheBigBoss04"]
[Result "1/2-1/2"]
[WhiteElo "2412"]
[BlackElo "2696"]
[TimeControl "180+2"]
[EndTime "9:54:17 PST"]
[Termination "Game drawn - insufficient material"]

1. Nf3 g6 2. g3 Bg7 3. d4 Nf6 4. Bg2 O-O 5. O-O d5 6. Nbd2 c6 7. c4 Bf5 8. b3 a5 9. Nh4 Be6 10.
Bb2 a4 11. cxd5 Nxd5 12. bxa4 Nb6 13. a5 Rxa5 14. Nb3 Rb5 15. Rc1 Bd5 16. e4 Bxb3 17. axb3 c5 18. Qe2 Rxb3 19. Rxc5 Rxb2 20. Qxb2 Bxd4 21.
Qb5 Bxc5 22. Qxc5 N8d7 23. Qb5 Qc7 24. Rb1 Rb8 25. e5 Nc8 26. Bxb7 Nxe5 27. Qe8+ Kg7 28. Qb5 Nd7 29. Qb2+ Nf6 30. Rc1 Rxb7 31. Rxc7 Rxb2 32.
Rxc8 Ng4 33. Rc7 e6 34. Nf3 Kf6 35. h4 h6 36. Rc4 Nxf2 37. Kf1 Nh3 38. Ke1 Kg7 39.
Rc7 Rf2 40. Ng1 Rh2 41. Nf3 Rh1+ 42. Kd2 Rf1 43. Ke2 Rf2+ 44. Ke3 g5 45. hxg5 hxg5 46. Nxg5 Rg2 47. Kf3 Rxg3+ 48. Kxg3 Nxg5 49. Kf4 Kg6 50. Rc8 Kf6 51. Ra8 Nh3+ 52. Kg4 Nf2+ 53. Kf4 Nd3+ 54. Ke4 Nc5+ 55. Kd4 Nd7 56. Ra7 Nf8 57. Ke4 Ng6 58.
Ra5 e5 59. Ra6+ Kg5 60. Ra5 Kg4 61. Ke3 f5 62. Kf2 e4 63. Ra6 Ne5 64. Ra8 Kf4 65. Ke2 Ng4 66. Rf8 e3 67. Rf7 Ne5 68. Rxf5+ Kxf5 69. Kxe3 1/2-1/2

[Event "*** Titled Tuesday Blitz"]
[Site "Chess.com"]
[Date "2020.02.04"]
[Round "4"]
[White "LiemLe"]
[Black "NewBornNow"]
[Result "1/2-1/2"]
[WhiteElo "2983"]
[BlackElo "2673"]
[TimeControl "180+2"]
[EndTime "9:54:27 PST"]
[Termination "Game drawn - insufficient material"]

1. e4 d6 2. d4 Nf6 3. Nc3 e5 4. Nf3 Nbd7 5. Bc4 Be7 6. O-O O-O 7.
Re1 c6 8. a4 exd4 9. Nxd4 Nc5 10. Ba2 a5 11. Bf4 Be6 12. Nxe6 fxe6 13. e5 Nd5 14.
exd6 Nxf4 15. dxe7 Qxe7 16. Qg4 Qf6 17. Rad1 Nd5 18. Qg3 Nxc3 19. bxc3 Kh8 20. Bb3 h6 21. Qe3 b6 22. Rd6 Rac8 23. h3 Rfd8 24. Red1 Rxd6 25. Rxd6 Rd8 26. Rxc6 Qe7 27. Qe5 Qf7 28. Bxe6 Qe8 29. Qc7 Rd1+ 30. Kh2 Nxe6 31. Qxb6 Nf8 32. Qb5 Qf7 33. Qe5 Qxf2 34. Rxh6+ Kg8 35. Rc6 Rd2 36. Qe4 Rd1 37. Rc8 Qg1+ 38. Kg3 Qe1+ 39. Qxe1 Rxe1 40.
Ra8 Re3+ 41. Kh2 Rxc3 42. Rxa5 Rxc2 43. Ra8 Kf7 44. a5 Ra2 45. Ra7+ Kf6 46. h4 Ne6 47. Kg3 Nd4 48. Kh3 Ra3+ 49. Kh2 Nf5 50. h5 Kg5 51. a6 Kxh5 52. Ra8 Kg6 53. a7 Nh6 54. Kg1 Ng4 55. Kf1 Ra2 56. Ke1 Nf6 57.
Kd1 Kg5 58. Kc1 Kg4 59. Kb1 Ra6 60. Kb2 Kg3 61. Kb3 Kxg2 62. Kc4 g5 63. Kb5 Ra1 64. Kb6 Rb1+ 65. Kc6 Rc1+ 66. Kb5 Rb1+ 67. Kc6 Ra1 68. Kb6 Nd5+ 69. Kc6 Ne7+ 70. Kd7 Nf5 71. Ke6 Nd4+ 72. Kd5 Nf3 73. Kc6 g4 74. Kb6 Rb1+ 75. Ka6 Ra1+ 76.
Kb6 Ne5 77. Rg8 g3 78. a8=Q+ Rxa8 79. Rxa8 Kh3 80. Rh8+ Kg4 81. Rg8+ Kf3 82. Rxg3+ Kxg3 1/2-1/2

[Event "*** Titled Tuesday Blitz"]
[Site "Chess.com"]
[Date "2020.02.04"]
[Round "4"]
[White "Korona_91"]
[Black "mitrabhaa"]
[Result "1-0"]
[WhiteElo "2399"]
[BlackElo "2570"]
[TimeControl "180+2"]
[EndTime "9:54:34 PST"]
[Termination "Korona_91 won by resignation"]

1. e4 c5 2. Nf3 d6 3. Bb5+ Bd7 4.
c4 Nf6 5. Nc3 g6 6. d4 cxd4 7.
Nxd4 Bg7 8. O-O O-O 9. h3 Nc6 10.
Be3 Rc8 11. Bxc6 bxc6 12. c5 Rb8 13. Nb3 Be6 14. cxd6 exd6 15. Bxa7 Rb4 16. Bd4 Qb8 17. Qf3 Nd7 18. Bxg7 Kxg7 19. Rfd1 Bxb3 20. axb3 Rxb3 21. Qg3 Ne5 22. f4 Nc4 23. f5 Nxb2 24. Rxd6 Nc4 25.
f6+ Kg8 26. Rd3 Qxg3 27. Rxg3 Rd8 28. Kh2 h5 29. Nd5 Rxg3 30. Ne7+ Kh7 31. Kxg3 Rd6 32. Rc1 Ne5 33. Rc5 Re6 34. Kh2 h4 35. Kg1 Kh6 36.
Kh2 Nd3 37. Rxc6 Rxe4 38. Rc3 Nf4 39. Rc8 Re2 40. Ng8+ Kg5 41. Rc5+ Nd5 42. Rxd5+ Kf4 43. Rd4+ Kf5 44. Rxh4 Re8 45. Ne7+ Kxf6 46. Nd5+ Kg5 47. Rg4+ Kh6 48. Nf4 Re1 49. Nd3 Re3 50. Nf2 Re2 51.
Nh1 f5 52. Ra4 Kg5 53. h4+ Kh6 54. Ng3 Rb2 55. Ra6 Kg7 56. h5 gxh5 57. Nxf5+ Kf7 58. Ng3 Rb5 59. Kh3 Kg7 60. Kh4 Rb4+ 61. Kxh5 Rb2 62. Nf5+ Kf7 63. g4 Rh2+ 64. Kg5 Rb2 65. Ra7+ Ke6 66.
Kg6 Rb8 67. Re7+ Kd5 68. g5 Rb6+ 69. Kf7 Rb1 70. g6 Rf1 71. Kf6 1-0

[Event "*** Titled Tuesday Blitz"]
[Site "Chess.com"]
[Date "2020.02.04"]
[Round "4"]
[White "gameteleRNA"]
[Black "VALPARAISO37"]
[Result "0-1"]
[WhiteElo "1898"]
[BlackElo "2228"]
[TimeControl "180+2"]
[EndTime "9:54:38 PST"]
[Termination "VALPARAISO37 won by checkmate"]

1. d4 Nf6 2. Bf4 d5 3. e3 c5 4.
c3 Nc6 5. Nd2 cxd4 6. exd4 Bf5 7. Ngf3 a6 8. Be2 h6 9. O-O e6 10. Ne5 Bd6 11. Nxc6 bxc6 12. Bxd6 Qxd6 13. Nf3 O-O 14.
Ne5 c5 15. Bd3 Bxd3 16. Qxd3 cxd4 17. cxd4 Rfb8 18. b3 Rc8 19. Rac1 Qa3 20. Qd2 Ne4 21. Qd1 Qxa2 22. Rxc8+ Rxc8 23. Qd3 Rc2 24. h3 Rxf2 25.
Rxf2 Qxf2+ 26. Kh1 Nd2 27. Nf3 Qf1+ 28. Kh2 Qxd3 29.
Ng5 Qxd4 30. Nh7 Qf2 31. Nf8 Nf3+ 32. Kh1 Qg3 33. Nd7 d4 34. Nb8 d3 35. Nc6 d2 36.
Na7 d1=N 37. Nb5 h5 38. h4 f6 39. Na7 e5 40. Nc8 Kh7 41. Ne7 e4 42. Ng8 e3 43.
Nh6 e2 44. Nf5 e1=B 45. Ne3 f5 46. Nf1 g5 47. Nh2 g4 48. b4 Qxg2+ 49. Kxg2 Ne3+ 50. Kh1 Bxh4 51. b5 Bf2 52. b6 Bg3 53. b7 Bb8 54. Nf1 Nd5 55. Ng3 f4 56. Nf5 a5 57. Ne7 Nxe7 58.
Kg2 a4 59. Kf2 Nf5 60. Ke2 h4 61. Kd3 h3 62. Ke4 h2 63. Kxf5 g3 64. Kg4 g2 65.
Kxf3 h1=Q 66. Ke4 g1=Q+ 67. Kf5 Qg6# 0-1

[Event "*** Titled Tuesday Blitz"]
[Site "Chess.com"]
[Date "2020.02.04"]
[Round "4"]
[White "Evgeny81"]
[Black "sergoy"]
[Result "1-0"]
[WhiteElo "2658"]
[BlackElo "2849"]
[TimeControl "180+2"]
[EndTime "9:54:40 PST"]
[Termination "Evgeny81 won on time"]

1. d4 Nf6 2. c4 e6 3. Nf3 d5 4. Nc3 c6 5. e3 Nbd7 6. Qc2 Bd6 7. g4 Bb4 8. g5 Ne4 9. Bd2 Bxc3 10. Bxc3 O-O 11.
O-O-O f6 12. Bd3 f5 13. h4 a5 14. Ne1 b6 15. Ng2 Ba6 16. Nf4 Qe7 17. f3 Nd6 18.
cxd5 exd5 19. Bxa6 Rxa6 20. Rhe1 b5 21. b3 Rfa8 22.
Nd3 a4 23. Nb4 Rb6 24. Kd2 Nf8 25. Nd3 Ng6 26. h5 Nh4 27. Ne5 b4 28. Bb2 a3 29.
Bc1 Qxg5 30. Rg1 Qxh5 31. Qc5 Nc8 32. Rg3 Ra7 33. Rdg1 Rc7 34. Kc2 Rb5 35. Rxg7+ Rxg7 36. Rxg7+ Kxg7 37. Qxc6 Nxf3 38. Qd7+ Kh6 39. e4+ Ng5 40. Qxb5 Nd6 41. Qc6 Qe2+ 42. Bd2 Qxe4+ 43. Kc1 Qh1+ 44. Kc2 Qe4+ 45. Kd1 Qh1+ 46. Be1 Ne4 47. Nf7+ Kh5 48. Nxd6 Qf3+ 49. Kc1 Qe3+ 50. Kd1 Qd3+ 51. Kc1 Qe3+ 52.
Kd1 Qd3+ 53. Kc1 Nc3 54. Bxc3 bxc3 55. Qe8+ Kg4 56. Qe1 h5 57. Nf7 Qd2+ 58. Qxd2 cxd2+ 59. Kxd2 h4 60. Ne5+ Kf4 61. Ke2 Ke4 62. Nf3 h3 63.
b4 h2 64. Nxh2 Kxd4 65. Nf3+ Kc4 66. Kd2 d4 67. b5 Kxb5 68. Kd3 Kb4 69. Nxd4 f4 70.
Nc2+ Kc5 71. Nxa3 f3 72. Nb1 1-0

[Event "*** Titled Tuesday Blitz"]
[Site "Chess.com"]
[Date "2020.02.04"]
[Round "4"]
[White "ChessPromotionAlex"]
[Black "MisiekZielony"]
[Result "1-0"]
[WhiteElo "2536"]
[BlackElo "2337"]
[TimeControl "180+2"]
[EndTime "9:54:43 PST"]
[Termination "ChessPromotionAlex won on time"]

1. e4 Nf6 2. e5 Nd5 3. d4 d6 4.
Nf3 Bg4 5. Be2 e6 6. O-O Be7 7.
c4 Nb6 8. Nc3 O-O 9. Be3 a6 10.
b3 d5 11. c5 N6d7 12. Ne1 Bxe2 13. Nxe2 Nc6 14. Nd3 Qe8 15. Nef4 Nd8 16. Qg4 f5 17.
Qg3 Kh8 18. Nh3 Nf7 19. f4 Rg8 20. Rac1 Nf8 21. a4 Ng6 22. Ng5 Nxg5 23. fxg5 Qf7 24. Qh3 Bf8 25. Rf3 Qe8 26. g4 Ne7 27. Nf4 fxg4 28.
Qxg4 Nf5 29. Nxd5 Qd7 30. Nc3 Be7 31. Bf2 g6 32. Rd1 Rgf8 33. Ne4 b6 34. cxb6 cxb6 35. Nf6 Bxf6 36. exf6 Qd5 37. Re1 Rf7 38. Re5 Qc6 39.
Qe4 Qxe4 40. Rxe4 Rd8 41. Rc3 h6 42. h4 Rd6 43. Rc8+ Kh7 44. Re8 Rc6 45. R8xe6 Rc1+ 46. Kg2 Rc2 47. Rxb6 Rd2 48. Rxa6 Rc7 49. d5 Kg8 50. Ra8+ Kf7 51. Ra7 Rxa7 52. d6 Rd7 53.
Rc4 Nxd6 54. Rd4 Rxd4 55. Bxd4 hxg5 56. hxg5 Ne4 57. Be3 Nc3 58. a5 Nb5 59. b4 Rd3 60.
Bc5 Ra3 61. Kf2 Ke6 62. Ke2 Nc7 63. Kd2 Nb5 64. Kc2 Rg3 65. Kb2 Rxg5 66. a6 Rh5 67. Kb3 Rh8 68. Kc4 Rb8 69. a7 Nxa7 70. Bxa7 Rb7 71.
Bd4 g5 72. b5 g4 73. b6 g3 74.
Kc5 1-0

[Event "*** Titled Tuesday Blitz"]
[Site "Chess.com"]
[Date "2020.02.04"]
[Round "4"]
[White "Leonid_Starozhilov"]
[Black "victormago"]
[Result "1-0"]
[WhiteElo "2704"]
[BlackElo "2418"]
[TimeControl "180+2"]
[EndTime "9:54:56 PST"]
[Termination "Leonid_Starozhilov won on time"]

1. e4 c5 2. Nf3 d6 3. Bb5+ Bd7 4. Bxd7+ Qxd7 5. O-O Nc6 6. c4 Nf6 7. Nc3 e6 8. d4 cxd4 9. Nxd4 Be7 10. Nf3 O-O 11. Bf4 Rfd8 12. Rc1 Rac8 13. Re1 a6 14. h3 Qe8 15. Qe2 h6 16. Red1 Qf8 17. Be3 Nd7 18.
b3 Nde5 19. Nd4 Nxd4 20. Bxd4 Nd7 21. Na4 Rc6 22. Be3 Rdc8 23. Nb2 Qd8 24. Nd3 Qa5 25. Qd2 Qxd2 26. Bxd2 Nc5 27. Nxc5 dxc5 28. Bf4 b5 29. Kf1 Bf6 30. e5 Bd8 31. Ke2 g5 32. Bg3 Be7 33. Rd7 R8c7 34. Rd3 Kf8 35. f4 Ke8 36. Bh2 Rb7 37. g4 bxc4 38. Rxc4 gxf4 39. Bxf4 Bg5 40. Bg3 Rd7 41. Bf2 Be7 42. Be3 Bf8 43. b4 Rdc7 44.
Rdc3 Bg7 45. Rxc5 Rxc5 46. Rxc5 Rxc5 47. Bxc5 Bxe5 48. Be3 Bg7 49. Kd3 Kd7 50. Kc4 Kc6 51.
a4 Bf8 52. b5+ Kb7 53. h4 axb5+ 54. Kxb5 f5 55. gxf5 exf5 56. h5 Bg7 57. Bf4 Bf8 58.
a5 Bg7 59. a6+ Ka8 60. Kb6 Bf8 61. Be3 Bg7 62. Kc6 Bf8 63. Kd5 f4 64. Bf2 Kb8 65. Ke5 f3 66. Ke4 Kc7 67. Kxf3 Kb8 68. Ke4 Ka8 69. Kf5 Ba3 70. Kg6 Bc1 71. Bd4 Bd2 72. Bg7 Ka7 73. Bxh6 Bc3 74. Be3+ Kxa6 75. h6 Kb7 76.
Bg5 1-0

[Event "*** Titled Tuesday Blitz"]
[Site "Chess.com"]
[Date "2020.02.04"]
[Round "4"]
[White "MITerryble"]
[Black "BocharovD"]
[Result "1/2-1/2"]
[WhiteElo "2935"]
[BlackElo "2750"]
[TimeControl "180+2"]
[EndTime "9:55:21 PST"]
[Termination "Game drawn - insufficient material"]

1. d4 Nf6 2. Bg5 e6 3. e4 h6 4. Bxf6 Qxf6 5. c3 d6 6. Bd3 Qg6 7. Qf3 e5 8. Ne2 Be7 9. O-O O-O 10.
Nd2 Nc6 11. d5 Bg5 12. Nc4 Ne7 13. Ne3 Bxe3 14. Qxe3 f5 15. f4 fxe4 16. Bxe4 Bf5 17. Bxf5 Nxf5 18. Qd3 Rae8 19. fxe5 dxe5 20. Kh1 e4 21.
Qh3 Nd6 22. Nf4 Qf5 23. Qxf5 Rxf5 24. Kg1 e3 25. Ne6 c6 26. Rxf5 Nxf5 27. c4 cxd5 28. cxd5 Rc8 29. Re1 h5 30. d6 Nxd6 31. Rxe3 Rc2 32. Rb3 b5 33. Nd4 Rc5 34. Kf2 Kf7 35.
Rf3+ Ke7 36. Re3+ Kd7 37. Ke2 a5 38. b3 b4 39. Rd3 Ke7 40. Re3+ Kd7 41. Rd3 Ke7 42.
Re3+ Kf7 43. Rf3+ Kg6 44. Rg3+ Kf6 45. Rf3+ Ke5 46. Rd3 Ke4 47. Nf3 Rc2+ 48. Rd2 Rxd2+ 49. Kxd2 Nf5 50. Ng5+ Kd4 51. Nf3+ Ke4 52. Ng5+ Kf4 53. Ne6+ Ke5 54. Nc5 Nh4 55. Nb7 Nxg2 56. Nxa5 Kd5 57. Nc4 Nf4 58. a3 bxa3 59. Nxa3 Ke4 60. Nc4 Kf3 61. Ne3 Ke4 62. b4 Kd4 63. Nf5+ Kc4 64. Nxg7 Kxb4 65. Ke3 Ng2+ 66. Kf3 Ne1+ 67. Kg3 Kc5 68.
Nxh5 Kd6 69. Nf6 Ke5 70. Ng4+ Kf5 71. Ne3+ Kg5 72. Nd5 Nd3 73. Nc3 Ne5 74. Ne4+ Kh5 75. Nd6 Nd3 76. Nf7 Nc5 77. Ne5 Ne4+ 78. Kf4 Nf6 79.
Kf5 Nd5 80. Nf3 Ne3+ 81. Kf4 Nc4 82. Kg3 Ne3 83. Nd4 Nf1+ 84. Kh3 Nxh2 1/2-1/2

[Event "*** Titled Tuesday Blitz"]
[Site "Chess.com"]
[Date "2020.02.04"]
[Round "4"]
[White "AlexanderKing"]
[Black "Grieve72"]
[Result "1/2-1/2"]
[WhiteElo "2515"]
[BlackElo "2310"]
[TimeControl "180+2"]
[EndTime "9:55:25 PST"]
[Termination "Game drawn by repetition"]

1. d4 f5 2. Nf3 Nf6 3. g3 g6 4.
Bg2 Bg7 5. O-O O-O 6. c4 d6 7. Nc3 Qe8 8. d5 Na6 9. Nd4 Nc5 10. b3 Nfe4 11. Bb2 e5 12. dxe6 Bxe6 13. e3 c6 14. Qc2 Nxc3 15. Bxc3 Bf7 16. Rad1 Rd8 17.
Ba5 Rd7 18. Bb4 Ne4 19. Ba3 Qe5 20. f3 Nc5 21. Rfe1 Rfd8 22. Kf2 Ne6 23. Bb2 Qa5 24. Bc3 Qb6 25. Re2 d5 26. Nxe6 Bxe6 27. Bxg7 Kxg7 28. c5 Qa5 29. Rd4 Bf7 30. b4 Qa3 31. Qb2 Qxb2 32. Rxb2 b6 33. Rc2 Rc7 34. Bf1 Kf6 35. Rd1 Rb8 36.
a3 b5 37. Ra1 a5 38. a4 axb4 39. axb5 cxb5 40. Ra6+ Kg7 41. Ra1 Rbc8 42. Rb1 Rxc5 43. Rxc5 Rxc5 44. Rxb4 Be8 45. Be2 Kf6 46. Ke1 Ke5 47.
Kd2 g5 48. h4 h6 49. hxg5 hxg5 50. f4+ gxf4 51. gxf4+ Kd6 52. Bd3 Bd7 53. Rb1 Kc6 54.
Rg1 b4 55. Rg6+ Kc7 56. Rg7 Kc6 57. Rg6+ Kc7 58. Rg7 Kc8 59. Rg1 Rc6 60. Rb1 Rb6 61. Kc2 Ba4+ 62. Kb2 Kc7 63. Bxf5 d4 64. Rc1+ Kd8 65.
exd4 Rf6 66. Rc5 Bd7 67. Bxd7 Kxd7 68. f5 Rd6 69. d5 Rf6 70. Kb3 Rxf5 71. Kc4 Rf4+ 72.
Kd3 Kd6 73. Rb5 Rh4 74. Ke3 b3 75. Kd3 Rh3+ 76. Kc4 Rg3 77. Rb6+ Kc7 78. Rb4 Rg4+ 79. Kxb3 Rxb4+ 80. Kxb4 Kd6 81. Kc4 Kd7 82. Kc5 Kc7 83. Kb5 Kd6 84. Kc4 Kd7 85. Kd4 Kd6 86. Ke4 Kd7 87.
Ke5 Ke7 88. d6+ Kd7 89. Kd5 Kd8 90. Kd4 Kd7 91. Kc5 Kd8 92. Kc6 Kc8 93. Kb6 Kd7 94. Kc5 Kd8 95. Kd5 Kd7 96. Ke5 Kd8 97. Ke6 Ke8 98. Kf5 Kd7 99. Ke5 Kd8 100. Ke4 Kd7 101. Kd5 Kd8 102. Kc6 Kc8 103. Kc5 Kd7 104. Kd5 1/2-1/2